 Dungeon Crawl Stone Soup version 0.30-a0-824-g6c64550be9 (webtiles) character file.

Game seed: 11912248249089342031

740 cforsyth the Covert (level 8, -1/48 HPs)
             Began as a Kobold Brigand on Feb 28, 2023.
             Succumbed to a water moccasin's poison
             ... on level 5 of the Dungeon.
             The game lasted 00:04:58 (4898 turns).

cforsyth the Covert (Kobold Brigand)                Turns: 4898, Time: 00:04:58

Health: -1/48      AC:  5    Str:  9    XL:     8   Next: 5%
Magic:  8/8        EV: 17    Int: 12    God:
Gold:   178        SH:  0    Dex: 18    Spells: 7/7 levels left

rFire   . . .      SeeInvis .    a - +2 dagger
rCold   . . .      Faith    .    (no shield)
rNeg    . . .      Spirit   .    b - +0 robe
rPois   .          Reflect  .    n - +1 hat
rElec   .          Harm     .    c - +0 cloak
rCorr   .          Rampage  .    (no gloves)
Will    .....                    (no boots)
Stlth   +++++                    (no amulet)
HPRegen 0.28/turn                (no ring)
MPRegen 0.11/turn                (no ring)

@: lethally poisoned (-1 -> -19), hasted, very quick
A: small, no large weapons, nightstalker 3, hooves 1, iridescent scales 1,
deformed body, wild magic 1
a: no special abilities


You were on level 5 of the Dungeon.
You visited 1 branch of the dungeon, and saw 5 of its levels.

You collected 178 gold pieces.

Inventory:

Hand Weapons
 a - a +2 dagger (weapon)
Missiles
 d - 9 poisoned darts (quivered)
 e - 3 curare-tipped darts
Armour
 b - a +0 robe (worn)
 c - a +0 cloak (worn)
 n - a +1 hat (worn)
Jewellery
 j - a ring of ice
Scrolls
 g - a scroll of blinking {unknown}
 i - a scroll of poison {unknown}
 k - 2 scrolls of vulnerability {unknown}
 l - 7 scrolls of identify {unknown}
 m - 2 scrolls of teleportation {unknown}
 p - a scroll of enchant weapon {unknown}
 q - a scroll of silence {unknown}
 r - a scroll of fog {unknown}
 s - a scroll of immolation {unknown}
Potions
 o - a potion of haste


   Skills:
 + Level 4.9 Fighting
 + Level 6.0 Short Blades
 - Level 2.1 Throwing
 + Level 5.0 Dodging
 + Level 8.0 Stealth


You had 7 spell levels left.
You didn't know any spells.
Your spell library contained the following spells:

 Spells                   Type           Power      Damage    Failure   Level
 Freeze                   Ice            0%         1d3       41%         1
 Frozen Ramparts          Ice            0%         1d1       77%         3
 Hailstorm                Conj/Ice       0%         3d3       77%         3


Dungeon Overview and Level Annotations

Branches:
Dungeon (5/15)
 Temple: D:4-7

Altars:
Qazlal

Shops:
D:4 !

Annotations:
D:5 Dowan


Innate Abilities, Weirdness & Mutations

You are small and have problems with some larger weapons.
You are completely attuned to the shadows.
You have large cloven feet.
You are partially covered in iridescent scales. (AC +2)
Armour fits poorly on your strangely shaped body.
Your spells are a little harder to cast, but a little more powerful.


Message History

You hit the water moccasin.
The water moccasin is severely wounded.
The water moccasin bites you.
You are more poisoned.
The water moccasin poisons you!
You hit the water moccasin.
The water moccasin is almost dead.
You feel sick. The water moccasin closely misses you.
You barely miss the water moccasin.
The water moccasin is almost dead.
You feel sick. The water moccasin misses you.
You closely miss the water moccasin.
The water moccasin is almost dead.
You feel sick.
You hit the water moccasin.
The water moccasin is almost dead.
You feel sick. The water moccasin bites you.
* * * LOW HITPOINT WARNING * * *
You are more poisoned.
The water moccasin poisons you!
You miss the water moccasin.
The water moccasin is almost dead.
* * * LOW HITPOINT WARNING * * *
You feel very sick.
The water moccasin completely misses you.
You hit the water moccasin.
The water moccasin is almost dead.
* * * LOW HITPOINT WARNING * * *
You feel very sick.
It was a potion of mutation.
You feel extremely strange.
Your feet thicken and deform.
Iridescent scales grow over part of your body.
Your body twists and deforms.
You feel less in control of your magic.
* * * LOW HITPOINT WARNING * * *
You feel very sick. The water moccasin misses you.
Unknown command.
You completely miss the water moccasin. Your kick misses the water moccasin.
The water moccasin is almost dead.
You die...

##.## ##########
###...###
.........####.......
.##.###.........).#
.##.###.#####. #e#
........# #. #S# .#
.##.###.# #.##@##.#
.##.# #.# #.......#
.##.# #.# ###...###
.##.###.# ##...).##
........# ##.......#
###†#...####.........
#........'.........
#.#...####.........
#.##.## ##.......#


You could see a water moccasin and Dowan (fast).

Vanquished Creatures
  A wyvern (D:4)
  Duvessa (D:5)
  An ice beast (D:5)
  A howler monkey (D:4)
  A hound (D:4)
  Terence (D:3)
  2 scorpion zombies (D:3)
  An orc wizard (D:3)
  A hound skeleton (D:3)
  3 gnolls
  6 adders
  A shadow imp (D:2)
  6 adder zombies (D:3)
  2 adder skeletons (D:3)
  A worm (D:2)
  10 orcs
  3 bats
  7 endoplasms
  3 giant cockroaches
  5 hobgoblins
  5 jackals
  3 quokkas (D:2)
  13 ball pythons
  A ball python skeleton (D:3)
  8 goblins
  8 kobolds
  6 rats
101 creatures vanquished.

Vanquished Creatures (others)
  3 withered plants (D:3)
3 creatures vanquished.

Grand Total: 104 creatures vanquished

Notes
Turn   | Place    | Note
-------+----------+-------------------------------------------
     0 | D:1      | cforsyth the Kobold Brigand began the quest for the Orb.
     0 | D:1      | Reached XP level 1. HP: 12/12 MP: 1/1
   210 | D:1      | Reached XP level 2. HP: 18/18 MP: 2/2
   421 | D:1      | Found a faded altar of an unknown god.
   619 | D:1      | Reached XP level 3. HP: 22/22 MP: 3/3
  1284 | D:2      | Reached XP level 4. HP: 17/27 MP: 4/4
  1463 | D:2      | Reached skill level 6 in Stealth
  2293 | D:3      | Reached XP level 5. HP: 30/32 MP: 5/5
  2838 | D:2      | Reached XP level 6. HP: 12/37 MP: 6/6
  3539 | D:3      | Noticed Terence
  3568 | D:3      | Killed Terence
  3745 | D:3      | Reached skill level 7 in Stealth
  3992 | D:4      | Found a stormy altar of Qazlal.
  4357 | D:4      | Noticed a wyvern
  4377 | D:4      | Killed a wyvern
  4378 | D:4      | Reached skill level 5 in Short Blades
  4378 | D:4      | Reached XP level 7. HP: 24/44 MP: 7/7
  4484 | D:4      | Found Coaz's Distillery.
  4789 | D:5      | Entered Level 5 of the Dungeon
  4846 | D:5      | Noticed Duvessa
  4846 | D:5      | Noticed Dowan
  4847 | D:5      | Noticed a water moccasin
  4850 | D:5      | Killed Duvessa
  4851 | D:5      | Reached skill level 5 in Dodging
  4851 | D:5      | Reached skill level 8 in Stealth
  4851 | D:5      | Reached XP level 8. HP: 48/48 MP: 8/8
  4897 | D:5      | Gained mutation: You have large cloven feet. [potion of
                  | mutation]
  4897 | D:5      | Gained mutation: You are partially covered in iridescent
                  | scales. (AC +2) [potion of mutation]
  4897 | D:5      | Gained mutation: Armour fits poorly on your strangely
                  | shaped body. [potion of mutation]
  4897 | D:5      | Gained mutation: Your spells are a little harder to cast,
                  | but a little more powerful. [potion of mutation]
  4897 | D:5      | HP: 1/48 [poisoned by a water moccasin]
  4898 | D:5      | Succumbed to a water moccasin's poison

Illustrated notes

Levels and vault maps discovered:
D:1:      eino_arrival_water_cross, layout_loops_corners,
          hellmonk_ecumenical_altar_run_dry
D:2:      layout_rooms
D:3:      layout_rooms, serial_undead, serial_undead_b, serial_undead_d,
          serial_undead_e, serial_undead_e, serial_undead_b, serial_undead_f,
          serial_undead_e, serial_undead_a, chequers_serial_rivers_micro_a,
          minmay_bisected, uniq_terence
D:4:      layout_loops_ring, grunt_qazlal_clouds, serial_shops,
          nicolae_shop_stone
D:5:      layout_loops_corners, minmay_temple_entry_tees, uniq_duvessa,
          uniq_crazy_yiuf_cottage

Skill      XL: |  1  2  3  4  5  6  7 |
---------------+----------------------+-----
Short Blades   | 3 4 5 6 |  6.0
Dodging        | 2 3 4 5 |  5.0
Stealth        | 6 7 8 |  8.0
Fighting       | 3 4 |  4.9
Throwing       | |  2.1

Action                     |  1- 3 |  4- 6 |  7- 9 || total
---------------------------+-------+-------+-------++-------
  Melee: Dagger            |    59 |   356 |    58 ||   473
         Punch             |       |     6 |     1 ||     7
    Use: Potion            |       |     1 |     6 ||     7
   Stab: Sleeping          |    20 |     9 |     9 ||    38
         Distracted        |       |     1 |       ||     1
 Armour: Robe              |     5 |    65 |     5 ||    75
  Dodge: Dodged            |    22 |   252 |    26 ||   300

Table legend: (Time is in decaauts)
 A = Elapsed time spent in this place.
 B = Non-inter-level travel time spent in this place.
 C = Inter-level travel time spent in this place.
 D = Time resting spent in this place.
 E = Time spent auto-exploring this place.
 F = Levels seen in this place.
 G = Mean time per level.
                   A        B        C        D        E       F      G
               +--------+--------+--------+--------+--------+-----+--------+
         Total |   4778 |   4698 |     80 |   1286 |   2565 |   5 |  955.6 |
       Dungeon |   4778 |   4698 |     80 |   1286 |   2565 |   5 |  955.6 |
               +--------+--------+--------+--------+--------+-----+--------+

Top non-repeatable levels by time:
     D:2: 1680 daAuts
     D:3: 1315 daAuts
     D:1: 920 daAuts
     D:4: 771 daAuts
     D:5: 90 daAuts
